 Dungeon Crawl Stone Soup version 0.26-a0-964-g69f9a3b9e2 (webtiles) character file.

Game seed: 1088525157148681852

88 siradein the Poker (level 4, -2/36 HPs)
             Began as a Ghoul Gladiator on Dec 3, 2020.
             Slain by Edmund
             ... wielding a +4 dire flail of holy wrath
              (7 damage)
             ... on level 4 of the Dungeon.
             The game lasted 00:13:49 (2370 turns).

siradein the Poker (Ghoul Gladiator)                Turns: 2370, Time: 00:13:50

Health: -2/36      AC:  9    Str: 17    XL:     4   Next: 54%
Magic:  3/3        EV: 10    Int:  3    God:
Gold:   92         SH:  0    Dex: 11    Spells: 3/3 levels left

rFire    x . .     SeeInvis .   a - +1 trident
rCold    + + .     Faith    .   (no shield)
rNeg     + + +     Spirit   .   f - +1 scale mail
rPois    ∞         Reflect  .   c - +0 helmet
rElec    .         Harm     .   (no cloak)
rCorr    .         Rampage  .   h - +0 pair of gloves (curse)
MR       .....                  (no boots)
Stlth    ..........             (no amulet)
HPRegen  0.00/turn              q - ring of ice
MPRegen  0.08/turn              (no ring)

@: no status effects
A: rotting body, claws 1, cold resistance 1, negative energy resistance 3,
inhibited regeneration, torment resistance, unbreathing
a: no special abilities


You were on level 4 of the Dungeon.
You visited 1 branch of the dungeon, and saw 4 of its levels.

You collected 92 gold pieces.

Inventory:

Hand Weapons
 a - a +1 trident (weapon)
Missiles
 d - 3 throwing nets (quivered)
Armour
 c - a +0 helmet (worn)
 f - a +1 scale mail (worn)
 h - a cursed +0 pair of gloves (worn)
Jewellery
 q - a ring of ice (left hand)
Scrolls
 e - a scroll of enchant weapon
 g - 2 scrolls of remove curse
 j - 3 scrolls of amnesia
 k - 4 scrolls of identify
Potions
 b - 2 potions of magic {unknown}
 m - 2 potions of haste {unknown}
 n - 2 potions of flight {unknown}
 o - a potion of cancellation


   Skills:
 - Level 2.1 Fighting
 + Level 4.7 Polearms
 - Level 1.7 Throwing
 - Level 2.6 Dodging


You had 3 spell levels left.
You didn't know any spells.
Your spell library was empty.

Dungeon Overview and Level Annotations

Branches:
Dungeon (4/15)
 Temple: D:4-7

Altars:
Nemelex Xobeh

Annotations:
D:4 Edmund


Innate Abilities, Weirdness & Mutations

Your body is rotting away.
You thrive by killing the living.
You are immune to poison.
You have sharp fingernails.
Your flesh is cold resistant. (rC+)
You are immune to negative energy. (rN+++)
You do not regenerate when monsters are visible.
You are immune to unholy pain and torment.
You can survive without breathing.


Message History

Edmund hits you but does no damage.
You hit Edmund but do no damage.
Edmund is moderately wounded.
Edmund hits you with a +4 dire flail of holy wrath!
You convulse!
You barely miss Edmund.
Edmund is moderately wounded.
Edmund hits you with a +4 dire flail of holy wrath.
You convulse.
You barely miss Edmund.
Edmund is moderately wounded.
Edmund hits you but does no damage.
You completely miss Edmund.
Edmund is moderately wounded.
You closely miss Edmund.
Edmund is moderately wounded.
Edmund hits you with a +4 dire flail of holy wrath!
* * * LOW HITPOINT WARNING * * *
You convulse!
You die...

#......#
##......##
#.<......#
#........## #
#.........# .
..##.......## ..
..........## ...
..(......### .@..
.#####..@@.#####
.....
#####.....##...<..
#####.........
####...... ##... #


You could see Edmund.

Vanquished Creatures
  A worker ant (D:3)
  2 worms (D:3)
  A dart slug (D:2)
  A leopard gecko (D:2)
  3 orcs (D:3)
  A ball python (D:3)
  2 bats
  4 giant cockroaches
  4 hobgoblins
  4 jackals (D:2)
  4 kobolds
  A quokka (D:2)
  2 frilled lizards
  11 goblins
  7 rats
48 creatures vanquished.

Notes
Turn   | Place    | Note
-------+----------+-------------------------------------------
     0 | D:1      | siradein the Ghoul Gladiator began the quest for the Orb.
     0 | D:1      | Reached XP level 1. HP: 17/17 MP: 0/0
   103 | D:1      | Reached skill level 3 in Polearms
   480 | D:1      | Reached XP level 2. HP: 23/24 MP: 1/1
   984 | D:2      | Reached XP level 3. HP: 29/29 MP: 2/2
  1052 | D:2      | Found a faded altar of an unknown god.
  1158 | D:2      | Noticed an ogre
  1222 | D:3      | Reached skill level 4 in Polearms
  1422 | D:3      | Reached XP level 4. HP: 23/36 MP: 3/3
  1672 | D:3      | Found a sparkling altar of Nemelex Xobeh.
  2351 | D:4      | Noticed Edmund
  2370 | D:4      | Slain by Edmund

Illustrated notes

Levels and vault maps discovered:
D:1:      ncdulo_smallfort, layout_basic, serial_forest,
          infiniplex_forest_lined_corner, infiniplex_forest_lined_4_way,
          infiniplex_forest_clump_curved, infiniplex_forest_clump_double,
          infiniplex_forest_lined_ring, infiniplex_forest_straight_2,
          infiniplex_forest_lined_room_, infiniplex_forest_diagonal,
          infiniplex_forest_lined_3_way, infiniplex_forest_straight_4
D:2:      layout_basic, chequers_ecumenical_altar_simple_redux
D:3:      layout_loops_ring, nemelex_xobeh_ov_fountains_minmay
D:4:      layout_cave_pods, grunt_temple_overflow_gold_and_silver, minivault_19,
          uniq_crazy_yiuf_cottage, uniq_duvessa, uniq_edmund

Skill      XL: |  1  2  3 |
---------------+----------+-----
Polearms       | 3 4 |  4.7
Fighting       | |  2.1
Throwing       | |  1.7
Dodging        | |  2.6

Action                   |  1- 3 |  4- 6 || total
-------------------------+-------+-------++-------
Melee: Trident           |   107 |    45 ||   152
  Use: Scroll            |     8 |       ||     8
Armor: Scale mail        |    25 |    15 ||    40
Dodge: Dodged            |    34 |    13 ||    47

Table legend: (Time is in decaauts)
 A = Elapsed time spent in this place.
 B = Non-inter-level travel time spent in this place.
 C = Inter-level travel time spent in this place.
 D = Time resting spent in this place.
 E = Time spent auto-exploring this place.
 F = Levels seen in this place.
 G = Mean time per level.
                   A        B        C        D        E       F      G
               +--------+--------+--------+--------+--------+-----+--------+
         Total |   2385 |   2352 |     33 |      0 |   1803 |   4 |  596.2 |
       Dungeon |   2385 |   2352 |     33 |      0 |   1803 |   4 |  596.2 |
               +--------+--------+--------+--------+--------+-----+--------+

Top non-repeatable levels by time:
     D:3: 963 daAuts
     D:1: 803 daAuts
     D:2: 398 daAuts
     D:4: 219 daAuts
